 Dungeon Sprint DCSS version 0.21.2 (webtiles) character file.

840 Fang the Cleaver (level 8, -1/58 HPs)
             Began as a Gargoyle Berserker on Jan 18, 2019.
             Was the Champion of Trog.
             Slain by Joseph
             ... wielding a +0 quarterstaff
              (3 damage)
             ... in the Dungeon (Sprint VII: "The Pits").
             The game lasted 00:01:28 (709 turns).

Fang the Cleaver (Gargoyle Berserker)                Turns: 709, Time: 00:01:29

Health: -1/58      AC: 18    Str: 23    XL:     8   Next: 0%
Magic:  8/8        EV: 10    Int:  8    God:    Trog [******]
Gold:   0          SH:  0    Dex:  9    Spells: 7/7 levels left

rFire    . . .     SeeInvis .   j - +2 hand axe (chop)
rCold    . . .     Gourm    .   (no shield)
rNeg     + . .     Faith    .   o - +3 chain mail
rPois    ∞         Spirit   .   (no helmet)
rElec    +         Reflect  .   (no cloak)
rCorr    .         Harm     .   (no gloves)
MR       .....     NoTele   +   (no boots)
Stlth    ..........             (no amulet)
HPRegen  0.19/turn              (no ring)
MPRegen  0.11/turn              (no ring)

@: berserk cooldown, slowed, very slow
A: negative energy resistance 1, electricity resistance, unbreathing,
petrification resistance, rot immunity, AC +5
a: Berserk, Trog's Hand, Brothers in Arms, Burn Spellbooks, Renounce Religion


You were in the Dungeon.
You worshipped Trog.
Trog was exalted by your worship.
You were very hungry.

You visited 1 branch

Inventory:

Hand Weapons
 j - a +2 hand axe of chopping (weapon)
 n - a +2 hand axe of freezing
Armour
 m - a cursed +0 plate armour
 o - a +3 chain mail (worn)
Scrolls
 i - a scroll of blinking
 k - 3 scrolls of remove curse
 l - a scroll of summoning
Potions
 a - 2 potions of invisibility
 d - 6 potions of curing
 e - 6 potions of heal wounds
 f - a potion of haste
 g - 4 potions of magic
 h - 3 potions of berserk rage
Comestibles
 b - 10 chunks of flesh
 c - 9 rations


   Skills:
 + Level 10.4 Fighting
 + Level 11.1 Axes
 + Level 5.2 Armour
 + Level 5.6 Dodging
 + Level 2.0 Stealth


You had 7 spell levels left.
You didn't know any spells.

Dungeon Overview and Level Annotations

Branches:
Dungeon (1/1)

Altars:

Annotations:
D Joseph


Innate Abilities, Weirdness & Mutations

You are resistant to torment.
Your stone body is resilient. (AC +5)
You are immune to poison.
You resist negative energy. (rN+)
You are resistant to electric shocks. (rElec)
You can survive without breathing.
You are immune to petrification.
You are immune to rotting.


Message History

Joseph is lightly wounded.
You hit the orc warrior but do no damage.
You hit the orc wizard.
The orc warrior hits you but does no damage.
Joseph barely misses you.
The orc wizard begins to cast a cantrip, but forgets the words!
Unknown command.
You hit Joseph.
Joseph is lightly wounded.
You barely miss the orc wizard. You closely miss the orc warrior.
The orc warrior barely misses you.
The orc wizard hits you but does no damage.
Joseph shouts, "I love to fight!
I love killing!"
Joseph hits you but does no damage.
You slash Joseph!
Joseph is moderately wounded.
You closely miss the orc warrior. You hit the orc wizard.
The orc wizard hits you but does no damage.
Joseph hits you with a quarterstaff.
You die...

#.####'##'###...<...#
#.#...))...##.......#
#.#........##.......#
#'###########.......#
#).)))..#..##########
#)†#)#..#.######
#.##.##.#.#....#
#.......#)#o...#
#.##.##.#)@@o..+
#..#.#..#)#o...#
#.......'.#....#
################


You could see Joseph, an orc warrior, an orc wizard and an orc.

Vanquished Creatures
  A demonic crawler (D)
  2 floating eyes (D)
  An orc warrior (D)
  An ogre (D)
  A wolf (D)
  An orc priest (D)
  3 orc wizards (D)
  A river rat (D)
  An ooze (D)
  11 orcs (D)
  A ball python (D)
  A bat zombie (D)
  2 jackals (D)
  3 kobolds (D)
  3 quokkas (D)
  A bat (D)
34 creatures vanquished.

Notes
Turn   | Place    | Note
-------+----------+-------------------------------------------
     0 | D        | Fang the Gargoyle Berserker began the quest for the Orb.
     0 | D        | Reached XP level 1. HP: 14/14 MP: 1/1
    24 | D        | Reached skill level 3 in Axes
    69 | D        | Reached ** piety under Trog
   168 | D        | Reached XP level 2. HP: 20/20 MP: 2/2
   175 | D        | Noticed a floating eye
   177 | D        | Paralysed by a floating eye for 2 turns
   180 | D        | Killed a floating eye
   180 | D        | Reached skill level 5 in Axes
   180 | D        | Reached XP level 3. HP: 28/28 MP: 3/3
   180 | D        | Reached XP level 4. HP: 32/32 MP: 4/4
   180 | D        | Reached *** piety under Trog
   183 | D        | Reached skill level 6 in Axes
   183 | D        | Reached XP level 5. HP: 35/38 MP: 5/5
   185 | D        | Reached **** piety under Trog
   404 | D        | Noticed a wolf
   407 | D        | Killed a wolf
   407 | D        | Reached skill level 7 in Axes
   407 | D        | Reached XP level 6. HP: 44/44 MP: 6/6
   412 | D        | Reached ***** piety under Trog
   424 | D        | Noticed a floating eye
   425 | D        | Received a gift from Trog
   427 | D        | Reached skill level 8 in Axes
   427 | D        | Paralysed by a floating eye for 2 turns
   432 | D        | Killed a floating eye
   432 | D        | Reached skill level 9 in Axes
   434 | D        | Reached skill level 1 in Stealth
   485 | D        | Noticed an orc warrior
   493 | D        | Killed an orc warrior
   493 | D        | Reached skill level 5 in Dodging
   493 | D        | Reached XP level 7. HP: 51/51 MP: 7/7
   669 | D        | Reached ****** piety under Trog
   669 | D        | Reached skill level 10 in Axes
   671 | D        | Received a gift from Trog
   686 | D        | Noticed Joseph
   686 | D        | Noticed a demonic crawler
   703 | D        | Killed a demonic crawler
   703 | D        | Reached skill level 10 in Fighting
   703 | D        | Reached skill level 11 in Axes
   703 | D        | Reached skill level 5 in Armour
   704 | D        | Reached XP level 8. HP: 21/58 MP: 8/8
   706 | D        | HP: 1/58 [orc warrior/halberd of freezing (4)]
   709 | D        | Slain by Joseph

Skill      XL: |  1  2  3  4  5  6  7 |
---------------+----------------------+-----
Axes           | 3 5 6 7 9 11 | 11.1
Fighting       | 4 6 7 8 9 10 | 10.4
Armour         | 3 4 5 |  5.2
Dodging        | 3 4 5 |  5.6
Stealth        | 1 2 |  2.0

Action                   |  1- 3 |  4- 6 |  7- 9 || total
-------------------------+-------+-------+-------++-------
Melee: Hand axe          |    16 |    42 |    31 ||    89
Invok: Berserk           |     1 |     2 |     1 ||     4
  Eat: Chunk             |       |     1 |     1 ||     2
Armor: Animal skin       |    13 |     1 |       ||    14
       Chain mail        |       |    18 |    21 ||    39
Dodge: Dodged            |    19 |    14 |    17 ||    50
